[Event "*** SCC Grand Prix: Titled Tuesday Blitz"]
[Site "Chess.com"]
[Date "2020.08.25"]
[Round "7"]
[White "Chessdreamer2020"]
[Black "ajdemipopushi"]
[Result "1-0"]
[WhiteElo "2477"]
[BlackElo "2286"]
[TimeControl "180+1"]
[EndTime "11:19:38 PDT"]
[Termination "Chessdreamer2020 won on time"]

1. e4 c5 2. Nf3 g6 3. d4 cxd4 4.
Qxd4 Nf6 5. e5 Nc6 6. Qa4 Nd5 7. Qe4 Nb6 8. Nc3 Bg7 9. Bf4 O-O 10. O-O-O d5 11. Nxd5 Nxd5 12. Qxd5 Qc7 13. Bb5 Bg4 14.
Bxc6 bxc6 15. Qc5 Rab8 16. Rhe1 Bxf3 17. gxf3 Rb5 18. Qe3 Qa5 19. Kb1 Rfb8 20. b3 f6 21.
Qd2 Qa3 22. Qc1 Qa6 23. exf6 Bxf6 24. Bxb8 Rxb8 25. c3 Qa5 26. Rd3 Kf7 27. Qe3 Qa3 28. Qe6+ Kg7 29. Qc4 Rb6 30. Re2 1-0

[Event "*** SCC Grand Prix: Titled Tuesday Blitz"]
[Site "Chess.com"]
[Date "2020.08.25"]
[Round "7"]
[White "Spriteball"]
[Black "MarceloPlaya"]
[Result "1-0"]
[WhiteElo "2240"]
[BlackElo "2348"]
[TimeControl "180+1"]
[EndTime "11:19:38 PDT"]
[Termination "Spriteball won on time"]

1. c4 e6 2. Nc3 Nf6 3. e4 d5 4. e5 d4 5. exf6 dxc3 6. bxc3 Qxf6 7. d4 c5 8. Nf3 cxd4 9. cxd4 Bb4+ 10. Bd2 Bxd2+ 11. Qxd2 O-O 12. Bd3 Nc6 13. O-O Rd8 14. Rad1 h6 15. Rfe1 Bd7 16. Qe3 Be8 17. d5 exd5 18.
cxd5 Nb4 19. Bb1 g6 20. Qd4 Qxd4 21. Rxd4 Nxd5 22. Red1 Bc6 23. Be4 Rac8 24. h3 Kf8 25.
Bxd5 Bxd5 26. Rxd5 Rxd5 27. Rxd5 Rc1+ 28. Kh2 Rc2 29. Ra5 a6 30. Kg3 Ke7 31. Nd4 Rc4 32.
Nb3 f5 33. h4 Rg4+ 34. Kh3 Rc4 35. h5 Rc3+ 36. f3 gxh5 37. Rxf5 Rc2 38. a4 h4 39. Rh5 Rc3 40. Nd4 Rc4 41. Nf5+ Kf6 42. Rxh4 b5 43.
Rxc4 bxc4 44. Ne3 c3 45. Nd5+ Ke5 46. Nxc3 1-0

[Event "*** SCC Grand Prix: Titled Tuesday Blitz"]
[Site "Chess.com"]
[Date "2020.08.25"]
[Round "7"]
[White "Anton_Zhukov04"]
[Black "parintele_chess"]
[Result "1-0"]
[WhiteElo "2230"]
[BlackElo "2142"]
[TimeControl "180+1"]
[EndTime "11:19:38 PDT"]
[Termination "Anton_Zhukov04 won by resignation"]

1. d4 Nf6 2. c4 g6 3. Nc3 Bg7 4. e4 d6 5. Be2 O-O 6. Be3 Nc6 7. d5 Ne5 8. h3 c6 9. Nf3 Nxf3+ 10. Bxf3 cxd5 11. exd5 Nd7 12. O-O Nc5 13. Bd4 Bf5 14. Bxg7 Kxg7 15. Qd4+ Kg8 16. b4 Na6 17. a3 Qb6 18.
Qf4 Rac8 19. Rfc1 Bd3 20. Na4 Qd8 21. Nb2 Bf5 22. Bg4 Bxg4 23. hxg4 b5 24. cxb5 Nc7 25.
a4 Nxd5 26. Qd4 Nf6 27. g5 Nd7 28. Qxa7 Ne5 29. Qe3 Qd7 30. b6 Qf5 31. Rxc8 Rxc8 32. b7 Rb8 33. Qa7 Nc6 34. Qb6 Qc2 35. Nd1 Kg7 36.
a5 Nd8 37. Qd4+ e5 38. Qxd6 Nxb7 39. Qxb8 1-0

[Event "*** SCC Grand Prix: Titled Tuesday Blitz"]
[Site "Chess.com"]
[Date "2020.08.25"]
[Round "7"]
[White "mfwagnerpeixoto"]
[Black "WinstonSilvakov"]
[Result "0-1"]
[WhiteElo "2226"]
[BlackElo "2120"]
[TimeControl "180+1"]
[EndTime "11:19:38 PDT"]
[Termination "WinstonSilvakov won by checkmate"]

1. d4 Nf6 2. Nf3 d6 3. c3 g6 4. Qc2 Bg7 5. e4 c5 6. dxc5 dxc5 7. Be2 Nc6 8. O-O Qc7 9. Be3 b6 10. h3 Bb7 11. a4 h6 12. Na3 a6 13. Nc4 Nd7 14. Rfe1 O-O 15. Bf1 Kh7 16. g3 Nde5 17.
Nfxe5 Nxe5 18. Nxe5 Bxe5 19. f4 Bg7 20. Bg2 Rad8 21.
Rad1 b5 22. axb5 axb5 23. Bf2 e5 24. f5 Bf6 25. Be3 gxf5 26. exf5 Rg8 27. Kh2 Rxg3 28. Rg1 Rxe3 29. Rxd8 Bxd8 30. f6+ Kh8 31. Qf2 e4+ 32. Kh1 Rxh3+ 33. Bxh3 e3+ 34. Qg2 Qg3 35. Qxb7 Qxh3# 0-1

[Event "*** SCC Grand Prix: Titled Tuesday Blitz"]
[Site "Chess.com"]
[Date "2020.08.25"]
[Round "7"]
[White "ChristopherYoo"]
[Black "Siniauski"]
[Result "1-0"]
[WhiteElo "2822"]
[BlackElo "2516"]
[TimeControl "180+1"]
[EndTime "11:19:39 PDT"]
[Termination "ChristopherYoo won on time"]

1. e4 e6 2. d4 d5 3. Nc3 Nf6 4. Bg5 Bb4 5. exd5 Qxd5 6. Bxf6 Bxc3+ 7. bxc3 gxf6 8. Qg4 Bd7 9. Qg7 Qe4+ 10. Kd1 Rf8 11. Bd3 Qc6 12. Ne2 Na6 13. Qxf6 Qxg2 14. Rg1 Qxh2 15. Be4 c6 16. Rb1 Qc7 17. Nf4 Qd8 18.
Qh6 Qc7 19. Qg5 Qd8 20. Rxb7 Rb8 21. Rxa7 Rb1+ 22. Kd2 Qxg5 23. Rxg5 Ke7 24. Rxa6 Kf6 25. Rg3 Rfb8 26. Ra7 Ke7 27. Nd3 1-0

[Event "*** SCC Grand Prix: Titled Tuesday Blitz"]
[Site "Chess.com"]
[Date "2020.08.25"]
[Round "7"]
[White "MVM2008"]
[Black "Nemsko"]
[Result "1-0"]
[WhiteElo "2238"]
[BlackElo "2349"]
[TimeControl "180+1"]
[EndTime "11:19:40 PDT"]
[Termination "MVM2008 won by checkmate"]

1. e4 e5 2. Nf3 Nc6 3. Bc4 Bc5 4. b4 Bxb4 5. c3 Bd6 6. d4 Qe7 7. O-O Nf6 8. Nbd2 O-O 9. Re1 a6 10. Nf1 b5 11. Bd3 Bb7 12. Ng3 g6 13. Bh6 Rfe8 14.
Nh4 exd4 15. Nhf5 Qe5 16. f4 Qc5 17. Bg5 dxc3+ 18. Kh1 Be7 19. Nxe7+ Qxe7 20. e5 Nd4 21. Bxf6 Qc5 22. Qg4 c2 23. Qh4 Qf8 24. Re3 Qc5 25.
Rc1 Qa3 26. Ne2 Nxe2 27. Qxh7+ Kxh7 28. Rh3+ Kg8 29. Rh8# 1-0

[Event "*** SCC Grand Prix: Titled Tuesday Blitz"]
[Site "Chess.com"]
[Date "2020.08.25"]
[Round "7"]
[White "Duong57"]
[Black "elcandado"]
[Result "1-0"]
[WhiteElo "2363"]
[BlackElo "2488"]
[TimeControl "180+1"]
[EndTime "11:19:41 PDT"]
[Termination "Duong57 won on time"]

1. d4 Nf6 2. c4 e6 3. Nc3 Bb4 4. Qc2 b6 5. e4 c5 6. d5 Qe7 7. Ne2 exd5 8. exd5 O-O 9. Bd2 d6 10.
f3 g6 11. O-O-O Bf5 12. Qb3 a5 13. Ng3 Bd7 14. a3 a4 15. Qc2 Na6 16. Bd3 Ne8 17.
h4 b5 18. Rde1 Qf6 19. Nge4 Qg7 20. h5 bxc4 21. Bxc4 Bf5 22. hxg6 Qxg6 23. g4 Bxe4 24. fxe4 Nac7 25. Rh6 Qg7 26. Reh1 Nf6 27. g5 Ng4 28.
R6h4 Nf2 29. R1h2 Qd4 30. e5 1-0

[Event "*** SCC Grand Prix: Titled Tuesday Blitz"]
[Site "Chess.com"]
[Date "2020.08.25"]
[Round "7"]
[White "GukeshDommaraju"]
[Black "Crazy_girl99"]
[Result "1-0"]
[WhiteElo "2713"]
[BlackElo "2512"]
[TimeControl "180+1"]
[EndTime "11:19:42 PDT"]
[Termination "GukeshDommaraju won by resignation"]

1. e4 e5 2. Nf3 Nc6 3. Bb5 a6 4.
Ba4 Nf6 5. O-O Be7 6. Re1 b5 7. Bb3 d6 8. c3 O-O 9. h3 Nb8 10. d4 Nbd7 11. c4 c6 12. Nc3 Bb7 13. a3 Re8 14. Be3 Bf8 15. Ng5 bxc4 16. Bxc4 d5 17.
exd5 cxd5 18. Qb3 Rb8 19. Nxd5 Bxd5 20. Bxd5 Rxb3 21. Bxf7+ Kh8 22. Bxb3 Qb8 23. Nf7+ Kg8 24. Nh6+ Kh8 25. Nf7+ Kg8 26. Ba2 g6 27. dxe5 Nh5 28. Red1 Nb6 29. Nd6+ Kh8 30. Nxe8 Qxe8 31. Bxb6 Nf4 32.
Rd8 Qe7 33. Rad1 Qg5 34. Rxf8+ Kg7 35. Rf7+ Kh6 36. Rxf4 1-0

[Event "*** SCC Grand Prix: Titled Tuesday Blitz"]
[Site "Chess.com"]
[Date "2020.08.25"]
[Round "7"]
[White "remi04"]
[Black "Shuvalov"]
[Result "0-1"]
[WhiteElo "2586"]
[BlackElo "2415"]
[TimeControl "180+1"]
[EndTime "11:19:42 PDT"]
[Termination "Shuvalov won by resignation"]

1. e4 e6 2. d4 d5 3. Bd3 Nf6 4. e5 Nfd7 5. Ne2 c5 6. c3 Nc6 7. O-O Qb6 8. Bc2 Qc7 9. Nd2 b6 10. Nf3 Ba6 11. Re1 Bxe2 12. Qxe2 h6 13. Be3 Be7 14. Rac1 c4 15. Nd2 b5 16. f4 g6 17.
Nf1 h5 18. h3 h4 19. Nh2 a5 20. Qg4 O-O-O 21. b3 Ba3 22. Rb1 Nb6 23. bxc4 bxc4 24. Qd1 Kd7 25. Ng4 Be7 26. Rb5 Rb8 27. Qf3 Qa7 28.
Reb1 Na8 29. f5 gxf5 30. Bxf5 Nc7 31. Rxb8 Rxb8 32. Bc2 Rxb1+ 33. Bxb1 Nd8 34. Bc2 Qb6 35. Bc1 Qb5 36. Nh6 Ke8 37. Qg4 Bf8 38. Qxh4 a4 39. Ng8 Kd7 40. Nf6+ Kc8 41. Qf2 a3 42. h4 Qa5 43.
Qf3 Nb5 44. h5 Qxc3 45. Qxc3 Nxc3 46. h6 Ne2+ 47. Kf2 Nxc1 48. h7 Bg7 49. Ne8 Bh8 50. g4 Nxa2 51. g5 Nc3 0-1

[Event "*** SCC Grand Prix: Titled Tuesday Blitz"]
[Site "Chess.com"]
[Date "2020.08.25"]
[Round "7"]
[White "Gusarov91"]
[Black "anon481216"]
[Result "0-1"]
[WhiteElo "2629"]
[BlackElo "2453"]
[TimeControl "180+1"]
[EndTime "11:19:44 PDT"]
[Termination "anon481216 won by resignation"]

1. d4 d5 2. Nf3 c6 3. c4 e6 4. Qb3 dxc4 5. Qxc4 Nf6 6. g3 b5 7. Qc2 Bb7 8. Bg2 Nbd7 9. a4 a6 10. O-O c5 11. axb5 axb5 12. Rxa8 Qxa8 13. dxc5 Bxc5 14. Nc3 b4 15. Nb5 O-O 16. Bf4 Be4 17. Qc1 Rc8 18. Qa1 h6 19. Nd6 Bxd6 20. Bxd6 Qxa1 21. Rxa1 Rc2 22. b3 Rxe2 23. Bxb4 Rb2 24. Nd2 Bxg2 25. Kxg2 Nd5 26. Ba5 Nc5 27. Ra3 f5 28. h4 g5 29.
hxg5 hxg5 30. Kf1 Kf7 31. Ke2 g4 32. f3 gxf3+ 33. Kxf3 e5 34. g4 e4+ 35. Kg3 f4+ 36.
Kh4 e3 37. Nc4 Rxb3 38. Rxb3 Nxb3 39. Be1 Nd4 40. Kg5 Nf3+ 41. Kf5 Nxe1 42. Ke4 Ke6 43. g5 e2 44. g6 Ng2 0-1

[Event "*** SCC Grand Prix: Titled Tuesday Blitz"]
[Site "Chess.com"]
[Date "2020.08.25"]
[Round "7"]
[White "XDPS"]
[Black "jefferyx"]
[Result "0-1"]
[WhiteElo "2729"]
[BlackElo "2913"]
[TimeControl "180+1"]
[EndTime "11:19:45 PDT"]
[Termination "jefferyx won on time"]

1. e4 c6 2. Nf3 d5 3. Nc3 Bg4 4. h3 Bxf3 5. Qxf3 e6 6. Be2 Bc5 7. Qf4 Nd7 8. O-O Qb8 9. d3 Ne7 10. Qxb8+ Rxb8 11. Rd1 Bd4 12. Bf1 O-O 13. Ne2 Bb6 14.
Bf4 Rbd8 15. a4 a5 16. Ng3 Ng6 17. Bd2 Nc5 18. Bc3 dxe4 19. Nxe4 Rd5 20. Nd2 Na6 21.
g3 Rf5 22. d4 Nb4 23. Bxb4 axb4 24. c3 Ba5 25. Nc4 bxc3 26. bxc3 Bxc3 27. Rab1 Rd8 28.
Rxb7 Bxd4 29. Ne3 Ra5 30. Kg2 Rxa4 31. Nc2 c5 32. Bb5 Ra2 33. Nxd4 cxd4 34. Bc4 Rc2 35. Bd3 Rcc8 36. h4 Ne5 37. Be4 Nc4 38. Bd3 Ne5 39. Be4 Rc4 40. f4 Ng4 41. Kf3 h5 42.
Bd3 Rc3 43. Ke2 Ra8 44. Rdb1 g6 45. Rd7 Ra2+ 0-1

[Event "*** SCC Grand Prix: Titled Tuesday Blitz"]
[Site "Chess.com"]
[Date "2020.08.25"]
[Round "7"]
[White "paulrusan"]
[Black "londonkid"]
[Result "0-1"]
[WhiteElo "2210"]
[BlackElo "2457"]
[TimeControl "180+1"]
[EndTime "11:19:46 PDT"]
[Termination "londonkid won on time"]

1. e4 e6 2. Nf3 d5 3. e5 c5 4. b4 cxb4 5. a3 Nc6 6. axb4 Bxb4 7. c3 Be7 8. d4 Bd7 9. Bd3 h5 10. O-O Nh6 11. Na3 a6 12. Nc2 Rc8 13. Bd2 Nf5 14.
Ne3 g6 15. g3 h4 16. g4 Nxe3 17. fxe3 h3 18. e4 dxe4 19. Bxe4 Na5 20. Qe1 Bc6 21. Bxc6+ Rxc6 22. Qf2 O-O 23. Rab1 Kg7 24. Qg3 Rh8 25.
Qf4 Qe8 26. Ng5 Bxg5 27. Qxg5 Nc4 28. Qf6+ Kg8 29. Bc1 Rc7 30. Rf3 Qe7 31. Bg5 Qxf6 32. Bxf6 Rh7 33. Rb4 b5 34. Rf2 Ne3 35. Ra2 Nxg4 36.
Rxa6 Nxf6 37. exf6 Rh5 38. Ra8+ Kh7 39. c4 Rxc4 40.
Rxc4 bxc4 41. Rf8 Rg5+ 0-1

[Event "*** SCC Grand Prix: Titled Tuesday Blitz"]
[Site "Chess.com"]
[Date "2020.08.25"]
[Round "7"]
[White "MoreChessJulia"]
[Black "stepanosinovsky"]
[Result "0-1"]
[WhiteElo "1905"]
[BlackElo "2376"]
[TimeControl "180+1"]
[EndTime "11:19:46 PDT"]
[Termination "stepanosinovsky won by resignation"]

1. d4 Nf6 2. c4 g6 3. f3 Bg7 4. e4 O-O 5. Nc3 c6 6. Bg5 a6 7. Qd2 b5 8. b3 d6 9. e5 dxe5 10. dxe5 Qxd2+ 11. Kxd2 Nfd7 12. Bxe7 Re8 13. Bd6 Nxe5 14.
Bxe5 Bxe5 15. Bd3 Nd7 16. Nge2 Nc5 17. Bc2 Be6 18. cxb5 axb5 19. Rhd1 b4 20. Ne4 Nxe4+ 21. Bxe4 Bxa1 22. Rxa1 Bxb3 23. Nd4 Rad8 24. axb3 Rxd4+ 25. Ke3 c5 26. Kf2 f5 27. Bc6 Rd2+ 28. Kg3 Ree2 29.
Rg1 Kg7 30. Bb5 Re3 31. Bc4 Kf6 32. h4 Ke5 33. Ra1 Rc3 34. Ra7 f4+ 35. Kh3 h5 36. Re7+ Kf6 37. Re6+ Kf5 38. Rc6 Rc1 39. Rxc5+ Kf6 40.
Rc6+ Ke5 41. Re6+ Kf5 42. Kh2 Rdd1 0-1

[Event "*** SCC Grand Prix: Titled Tuesday Blitz"]
[Site "Chess.com"]
[Date "2020.08.25"]
[Round "7"]
[White "AlexeiShirov"]
[Black "gmcorrales"]
[Result "1-0"]
[WhiteElo "2747"]
[BlackElo "2900"]
[TimeControl "180+1"]
[EndTime "11:19:47 PDT"]
[Termination "AlexeiShirov won on time"]

1. e4 c5 2. Nf3 d6 3. d4 cxd4 4. Nxd4 Nf6 5. Nc3 a6 6. h3 e5 7.
Nb3 Be7 8. g4 h6 9. Be3 Nbd7 10.
Qd2 b6 11. O-O-O Bb7 12. f3 Rc8 13. h4 Qc7 14. Bd3 b5 15. g5 Nh5 16. Nd5 Bxd5 17.
exd5 g6 18. Na5 Nb6 19. Bxb6 Qxb6 20. Nc6 Nf4 21. Be4 hxg5 22. hxg5 Rxh1 23. Rxh1 Bxg5 24.
Kb1 Bf6 25. Qb4 Qc7 26. a4 Kf8 27. axb5 axb5 28. Qxb5 Kg7 29. c3 Bg5 30. Rg1 Bh4 31.
Kc2 Bf2 32. Rf1 Bb6 33. b4 Rh8 34. Kb3 Rh2 35. Ra1 Be3 36. Ra8 Ne2 37. Re8 Bd2 38.
Re7 Qc8 39. Qb6 Bxc3 40. Qa7 Qf8 41. Nd8 Kg8 42. Rxf7 Qxd8 43. Rg7+ Kh8 44. Bxg6 Bd4 45. Rh7+ 1-0

[Event "*** SCC Grand Prix: Titled Tuesday Blitz"]
[Site "Chess.com"]
[Date "2020.08.25"]
[Round "7"]
[White "Roza_Idrisova"]
[Black "teacher4chess"]
[Result "1-0"]
[WhiteElo "2198"]
[BlackElo "2027"]
[TimeControl "180+1"]
[EndTime "11:19:47 PDT"]
[Termination "Roza_Idrisova won on time"]

1. d4 d5 2. Nf3 Nf6 3. Bg5 Ne4 4.
Bf4 c5 5. c3 Qb6 6. Qb3 Nc6 7.
e3 Bf5 8. Nbd2 Nxd2 9. Nxd2 c4 10.
Qxb6 axb6 11. a3 f6 12. Be2 e5 13. Bg3 Bd6 14. O-O O-O 15. Rfe1 b5 16. Bf1 Kf7 17. h3 Rfd8 18. Nf3 e4 19. Bxd6 Rxd6 20.
Nd2 Bd7 21. f3 f5 22. fxe4 fxe4 23. Be2 Na5 24. Rf1+ Rf6 25. Rxf6+ Kxf6 26. Rf1+ Ke7 27. Kh2 Rf8 28. Rxf8 Kxf8 29. Kg3 Ke7 30. Kf4 Kf6 31. h4 g6 32. g4 h6 33. g5+ hxg5+ 34. hxg5+ Ke7 35.
Ke5 Be6 36. Kf4 Nc6 37. Bd1 Kd6 38. Nf1 Ne7 39. Ng3 Nf5 40. Nxf5+ Bxf5 41. a4 bxa4 42. Bxa4 b6 43. Be8 Ke7 44. Bc6 Kd6 45. Bb7 Be6 46. Ba6 Bf5 47. Bb5 Be6 48. Ba4 Bf5 49. Bc2 b5 50. b3 Kc6 51. bxc4 bxc4 52. Ke5 1-0

[Event "*** SCC Grand Prix: Titled Tuesday Blitz"]
[Site "Chess.com"]
[Date "2020.08.25"]
[Round "7"]
[White "abykhovsky"]
[Black "penguingm1"]
[Result "0-1"]
[WhiteElo "2774"]
[BlackElo "2992"]
[TimeControl "180+1"]
[EndTime "11:19:48 PDT"]
[Termination "penguingm1 won by checkmate"]

1. d4 d5 2. Nf3 Nf6 3. c4 e6 4. Nc3 Be7 5. Bg5 h6 6. Bh4 O-O 7. e3 b6 8. Rc1 Bb7 9. Bxf6 Bxf6 10. cxd5 exd5 11. b4 c6 12. Be2 Qd6 13. Qb3 Nd7 14. O-O a5 15. b5 c5 16. Rfd1 Rfe8 17. Qb1 Rac8 18. dxc5 Rxc5 19. Nd4 Rec8 20. Na4 Rxc1 21. Rxc1 Rxc1+ 22. Qxc1 g6 23. Nc6 Ne5 24. Nxb6 Nxc6 25. bxc6 Bxc6 26. Bf3 Be5 27. g3 Bb7 28. Qb1 Bc3 29.
Qb3 Qf6 30. Kg2 Be1 31. Nxd5 Bxd5 32. Qxd5 Qb2 33. g4 Qxf2+ 34. Kh3 Qxe3 35. Qe4 Qf2 36. Bg2 Qh4# 0-1

[Event "*** SCC Grand Prix: Titled Tuesday Blitz"]
[Site "Chess.com"]
[Date "2020.08.25"]
[Round "7"]
[White "Vuk2000"]
[Black "Oleksandr_Bortnyk"]
[Result "0-1"]
[WhiteElo "2730"]
[BlackElo "2939"]
[TimeControl "180+1"]
[EndTime "11:19:48 PDT"]
[Termination "Oleksandr_Bortnyk won by resignation"]

1. d4 Nf6 2. Bg5 e6 3. e4 Be7 4. e5 Nd5 5. Bxe7 Qxe7 6. c4 Nb6 7. Nf3 d6 8. exd6 cxd6 9. Bd3 O-O 10. O-O Nc6 11.
Re1 e5 12. Nc3 Bg4 13. dxe5 Nxe5 14. Be4 Bxf3 15. Bxf3 Nbxc4 16. Be4 Qg5 17. b3 Nd2 18. Bxb7 Rab8 19. Bd5 Rfc8 20. Ne4 Nxe4 21. Bxe4 Qf6 22. Qd2 Rb6 23. Qa5 g6 24. Qxa7 d5 25. Bxd5 Rc2 26.
Rf1 Ng4 27. Bf3 Nxf2 28. Rac1 Rxc1 29. Rxc1 Qd4 30. Qa8+ Kg7 31. Kf1 Nd3 32. Ke2 Nxc1+ 0-1

[Event "*** SCC Grand Prix: Titled Tuesday Blitz"]
[Site "Chess.com"]
[Date "2020.08.25"]
[Round "7"]
[White "Lion-Al-Messi"]
[Black "kobemagic"]
[Result "1-0"]
[WhiteElo "2566"]
[BlackElo "2408"]
[TimeControl "180+1"]
[EndTime "11:19:48 PDT"]
[Termination "Lion-Al-Messi won on time"]

1. e4 c5 2. Nf3 Nc6 3. Nc3 g6 4. d4 cxd4 5. Nxd4 Bg7 6. Be3 Nf6 7. Bc4 Qa5 8. O-O O-O 9. Nd5 Nxd5 10. exd5 Ne5 11. Bb3 d6 12. Re1 Re8 13. h3 Nd7 14. c3 Nc5 15. Bc2 Qc7 16. Qf3 a6 17. Rad1 b5 18. Nc6 Bb7 19. Bd4 Bxd4 20. cxd4 Bxc6 21. dxc5 Bb7 22. c6 Bc8 23. Rd4 e6 24. Rh4 Qd8 25. Qf4 Re7 26. Qh6 f5 27. dxe6 Raa7 28. Bb3 d5 29. Qg5 Qe8 30. Bxd5 Bxe6 31. Rxe6 Rxe6 32. Qf6 Re7 33. c7 1-0

[Event "*** SCC Grand Prix: Titled Tuesday Blitz"]
[Site "Chess.com"]
[Date "2020.08.25"]
[Round "7"]
[White "Alexander_Moskalenko"]
[Black "Alexsur1981"]
[Result "1/2-1/2"]
[WhiteElo "2777"]
[BlackElo "2676"]
[TimeControl "180+1"]
[EndTime "11:19:49 PDT"]
[Termination "Game drawn by repetition"]

1. c4 e6 2. Nf3 d5 3. d4 c6 4. Nbd2 f5 5. g3 Nf6 6. Bg2 Bd6 7. O-O O-O 8. Ne5 Bd7 9. Qc2 Be8 10. cxd5 cxd5 11. Ndf3 Nc6 12. Bf4 Rc8 13. Rac1 Ne4 14.
Qb1 Bxe5 15. Bxe5 Nxe5 16. Nxe5 Bb5 17. Rxc8 Qxc8 18. Rc1 Qe8 19. e3 Nd2 20. Qc2 Nc4 21. Nf3 Qe7 22. b3 Nd6 23. Bf1 Bxf1 24. Kxf1 Rc8 25.
Qxc8+ Nxc8 26. Rxc8+ Kf7 27. Ne5+ Kf6 28. h4 g6 29. Rf8+ Qxf8 30. Nd7+ Ke7 31. Nxf8 Kxf8 32. Ke2 b5 33. Kf3 Ke7 34. Kf4 Kf6 35. g4 fxg4 36. Kxg4 b4 37. Kf4 h6 38. f3 g5+ 39. hxg5+ hxg5+ 40. Kg4 Kg6 41. f4 gxf4 42. Kxf4 Kf6 43. e4 a6 44. exd5 exd5 45. Kg4 Kg6 46. Kf4 Kf6 47. Kg4 Kg6 48. Kf4 Kf6 1/2-1/2

[Event "*** SCC Grand Prix: Titled Tuesday Blitz"]
[Site "Chess.com"]
[Date "2020.08.25"]
[Round "7"]
[White "jamalm2"]
[Black "Schack-Hugo"]
[Result "1-0"]
[WhiteElo "1954"]
[BlackElo "2279"]
[TimeControl "180+1"]
[EndTime "11:19:49 PDT"]
[Termination "jamalm2 won by checkmate"]

1. Nf3 c6 2. e3 d5 3. c4 Nf6 4. b3 g6 5. Bb2 Bg7 6. d4 Ne4 7. Be2 Bg4 8. O-O e6 9. Nbd2 f5 10. h3 Bxf3 11. Nxf3 O-O 12. Ne5 Nd7 13. Bd3 Nxe5 14.
dxe5 Qc7 15. cxd5 exd5 16. f4 Rfd8 17. Qe1 Nc5 18. Bc2 Ne6 19. Rc1 Qe7 20. g4 Qf7 21.
gxf5 gxf5 22. Qh4 Kh8 23. Kh2 Rg8 24. Rg1 Rad8 25. Rg2 Rd7 26. Rcg1 c5 27. Bd3 a6 28. a4 Rc7 29. Rg6 Rd7 30. Qh5 d4 31. Bxf5 Re7 32.
Qh4 dxe3 33. Rf6 Bxf6 34. exf6 Rd7 35. Rg7 Rxg7 36. fxg7+ Nxg7 37. Qxh7# 1-0

[Event "*** SCC Grand Prix: Titled Tuesday Blitz"]
[Site "Chess.com"]
[Date "2020.08.25"]
[Round "7"]
[White "Izoria123"]
[Black "arminmusovic"]
[Result "1-0"]
[WhiteElo "2842"]
[BlackElo "2583"]
[TimeControl "180+1"]
[EndTime "11:19:50 PDT"]
[Termination "Izoria123 won by resignation"]

1. e4 c6 2. d3 d5 3. Nc3 g6 4. g3 Bg7 5. Bg2 e6 6. Nge2 Ne7 7. d4 O-O 8. O-O Re8 9. Bf4 Nd7 10. Qd2 b6 11.
Rfe1 Bb7 12. Rad1 Rc8 13. Bh6 Nf8 14. h4 Qd6 15. Bxg7 Kxg7 16. h5 h6 17. hxg6 Nfxg6 18. e5 Qd8 19. Nf4 Nxf4 20. Qxf4 Nf5 21. Bh3 Qg5 22.
Bxf5 exf5 23. Rd3 Re6 24. Rf3 Kg6 25. Nd1 Rce8 26. Ne3 f6 27. exf6 Qxf4 28. Rxf4 Bc8 29. f7 Rf8 30. Ng2 Rxe1+ 31. Nxe1 Rxf7 32. Nf3 Re7 33. Ne5+ Kg5 34. Rh4 c5 35. f4+ Kf6 36. Rxh6+ Kg7 37.
Rg6+ Kh7 38. Rd6 cxd4 39. Nf3 Re2 40. Nxd4 Rd2 41. Rxd5 Ba6 42. a4 Kg6 43. Rd6+ Kh5 44. Nxf5 Rxc2 45. Rh6+ Kg4 46. Ne3+ Kxg3 47. Nxc2 1-0

[Event "*** SCC Grand Prix: Titled Tuesday Blitz"]
[Site "Chess.com"]
[Date "2020.08.25"]
[Round "7"]
[White "EddieMarsalla"]
[Black "Logman74"]
[Result "1-0"]
[WhiteElo "2542"]
[BlackElo "2388"]
[TimeControl "180+1"]
[EndTime "11:19:51 PDT"]
[Termination "EddieMarsalla won on time"]

1. d4 d5 2. Bg5 Nf6 3. Nd2 e6 4. e3 Be7 5. Bd3 O-O 6. Qe2 b6 7. f4 c5 8. c3 a5 9. Ngf3 Ba6 10. Bxa6 Nxa6 11. Ne5 Qd6 12. O-O Ne4 13. Nxe4 dxe4 14.
Bxe7 Qxe7 15. f5 f6 16. Nc4 exf5 17. Nxb6 Ra7 18. Rxf5 cxd4 19. exd4 Nc7 20. Re1 Rb7 21. Qc4+ Kh8 22. Qc6 Rfb8 23. Rxe4 Qf7 24. Nc4 Nb5 25. Rxb5 Rxb5 26. Nd6 Qd5 27. Qxd5 Rxd5 28. Nc4 a4 29. b4 Rf5 30. Ne3 Rg5 31. c4 Kg8 32. b5 Kf7 33. g4 h5 34. h3 hxg4 35. hxg4 g6 36. Kf2 f5 37. gxf5 gxf5 38. Re5 Kf6 39. Nd5+ Kg6 40. b6 Rg4 41. Ke3 a3 42. c5 Rg3+ 43.
Kf2 Rd3 44. Nf4+ Kg5 45. Nxd3 1-0

[Event "*** SCC Grand Prix: Titled Tuesday Blitz"]
[Site "Chess.com"]
[Date "2020.08.25"]
[Round "7"]
[White "Manukyan_Artak"]
[Black "pirulillo"]
[Result "1-0"]
[WhiteElo "2331"]
[BlackElo "2173"]
[TimeControl "180+1"]
[EndTime "11:19:51 PDT"]
[Termination "Manukyan_Artak won by resignation"]

1. e4 Nf6 2. Nc3 Ng8 3. d4 d6 4. f4 g6 5. Nf3 Bg7 6. h4 h5 7.
Ng5 Nh6 8. Bc4 O-O 9. Be3 Bg4 10.
Be2 e6 11. Qd2 d5 12. O-O-O c6 13. Bxg4 Nxg4 14. e5 b5 15. Rdg1 a5 16. Nd1 Nd7 17. Bf2 Qe7 18. Ne3 f5 19. exf6 Ndxf6 20. Nxg4 Nxg4 21.
Re1 Rf6 22. Re2 Re8 23. Rhe1 Qd7 24. Bg3 Bh6 25. Qxa5 Bxg5 26. fxg5 Rf5 27. Qc7 Qxc7 28. Bxc7 Kf7 29. b3 Nf2 30. Kb2 Ne4 31. Ra1 Rc8 32. Be5 b4 33. a4 bxa3+ 34. Rxa3 Re8 35. Ra7+ Re7 36. Rxe7+ Kxe7 37. c4 Rf2 38. Rxf2 Nxf2 39.
Kc3 Kd7 40. Kb4 Ng4 41. cxd5 exd5 42. Kc5 Nxe5 43. dxe5 Ke6 44. b4 d4 45. Kxd4 Kf5 46. Kc5 Kxe5 47. Kxc6 Kf4 48. b5 Kg3 49. b6 Kxg2 50. b7 Kg3 51. b8=Q+ Kxh4 52. Qf4+ Kh3 53. Qf6 Kg4 54. Qxg6 h4 55. Qh6 h3 56. g6 1-0

[Event "*** SCC Grand Prix: Titled Tuesday Blitz"]
[Site "Chess.com"]
[Date "2020.08.25"]
[Round "7"]
[White "Savva09022009"]
[Black "Zarinur"]
[Result "1-0"]
[WhiteElo "2321"]
[BlackElo "2133"]
[TimeControl "180+1"]
[EndTime "11:19:51 PDT"]
[Termination "Savva09022009 won by resignation"]

1. e4 e5 2. Nf3 Nc6 3. Bb5 a6 4. Ba4 d6 5. O-O Bg4 6. c3 Qf6 7. h3 Bxf3 8. Qxf3 Qxf3 9. gxf3 Ne7 10. d3 g6 11. f4 Bg7 12. fxe5 dxe5 13. Be3 O-O-O 14.
Bc2 f5 15. f3 f4 16. Bf2 g5 17. Nd2 Ng6 18. Nb3 h5 19. Rad1 g4 20. fxg4 hxg4 21. hxg4 Rh3 22. Kg2 Rdh8 23. Bg1 Rg3+ 24. Kf2 Nh4 25. Nd2 Rxg4 26. Ke2 Rg2+ 27. Rf2 Rxf2+ 28.
Bxf2 Bf6 29. Rg1 Ne7 30. d4 Nhg6 31. Nc4 Rh2 32. Kf1 exd4 33. cxd4 b5 34. e5 bxc4 35.
exf6 Nd5 36. Bxg6 Ne3+ 37. Bxe3 fxe3 38. Bf5+ 1-0

[Event "*** SCC Grand Prix: Titled Tuesday Blitz"]
[Site "Chess.com"]
[Date "2020.08.25"]
[Round "7"]
[White "RobertoJBM"]
[Black "Saxar85"]
[Result "0-1"]
[WhiteElo "2645"]
[BlackElo "2781"]
[TimeControl "180+1"]
[EndTime "11:19:52 PDT"]
[Termination "Saxar85 won on time"]

1. d4 Nf6 2. c4 e6 3. Nc3 Bb4 4. Qc2 d6 5. Nf3 Nbd7 6. g3 O-O 7. Bg2 e5 8. a3 Bxc3+ 9. Qxc3 Re8 10. O-O e4 11.
Nd2 Nb6 12. b3 Bf5 13. Bb2 d5 14. a4 c6 15. a5 Nbd7 16. e3 a6 17. b4 Nf8 18. b5 axb5 19. cxb5 cxb5 20. Nb3 h5 21. Rfc1 Ne6 22. Nc5 Qe7 23. Nxe6 Qxe6 24. Qc7 Reb8 25. Qb6 Ra6 26. Qxb5 Bh3 27. Bh1 Bg4 28. Bg2 Bf3 29. Bf1 h4 30. Rc7 Rba8 31. Bc3 hxg3 32. hxg3 Ng4 33.
Qd7 Qh6 34. Qxf7+ Kh8 35. Bh3 Rg8 0-1

[Event "*** SCC Grand Prix: Titled Tuesday Blitz"]
[Site "Chess.com"]
[Date "2020.08.25"]
[Round "7"]
[White "m_ezat"]
[Black "ElGasanov"]
[Result "0-1"]
[WhiteElo "2562"]
[BlackElo "2750"]
[TimeControl "180+1"]
[EndTime "11:19:53 PDT"]
[Termination "ElGasanov won by resignation"]

1. d4 d6 2. c4 e5 3. Nf3 e4 4. Ng5 f5 5. h4 h6 6. Nh3 Qxh4 7. Nc3 c6 8. g3 Qf6 9. Nf4 g6 10. e3 Ne7 11. g4 Na6 12. gxf5 Bxf5 13. Bg2 g5 14.
Nh5 Qe6 15. Nxe4 O-O-O 16. Neg3 Kb8 17. Qb3 d5 18. c5 Bg6 19. Bd2 Nc7 20. Qa4 Bd3 21.
b4 Ng6 22. Qb3 Bc4 23. Qc2 Nh4 24. Bh3 Nf3+ 25. Kd1 Qf7 26. a4 Nxd2 27. Qxd2 Be7 28. Kc1 Rhg8 29. Rh2 g4 30. Bf1 Rdf8 31. Bxc4 dxc4 32.
e4 Bg5 33. Kc2 Bxd2 34. Kxd2 Qf3 35. Rc1 Qd3+ 36. Ke1 Qxd4 37. Ne2 Qxe4 38. Ng3 Qe6 39. Rxh6 Qxh6 0-1